ORI
UNIVERSITY OF ALABAMA CRIMSON TIDE @ COASTAL CAROLINA UNIVERSITY CHANTICLEERS
11/25/2047
 
TOP OF THE 1ST
Coastal Carolina University Chanticleers batting - Pitching for University of Southern California Trojans : RHP Ville Nyman
Pitching: RHP Ville Nyman
Batting: RHB Tatsunori Ishigaki 0-0: TRIPLE (Line Drive, 9LD, EV 105.6 MPH)
Batting: RHB Fernando Tovar 0-0: Ground out 6-3 (Groundball, 6, EV 79.4 MPH)
Tatsunori Ishigaki scores
Batting: LHB Orlando Hurtado 0-0: Ball
1-0: Ground out 5-3 (Groundball, 56, EV 84.4 MPH)
Batting: RHB Isaac Washington 0-0: Called Strike
0-1: Called Strike
0-2: Fly out, F7 (Flyball, 7, EV 83.1 MPH)
Top of the 1st over - 1 run, 1 hit, 0 errors, 0 left on base; Coastal Carolina University 1 - University of Southern California 0
BOTTOM OF THE 1ST
University of Southern California Trojans batting - Pitching for Coastal Carolina University Chanticleers : RHP Oscar Fajardo
Pitching: RHP Oscar Fajardo
Batting: LHB Alonzo Catalan 0-0: Ground out 6-3 (Groundball, 6, EV 98.8 MPH)
Batting: RHB Liangde Zhou 0-0: Called Strike
0-1: Swinging Strike
0-2: Fly out, F8 (Flyball, 89D, EV 98.8 MPH)
Batting: RHB Eric Baker 0-0: Ball
1-0: Called Strike
1-1: Foul Ball, location: 2F
1-2: DOUBLE (Line Drive, 8LD, EV 110.6 MPH)
Batting: LHB Eli Evenson 0-0: Swinging Strike
0-1: Ball
1-1: Ball
2-1: Foul Ball, location: 2F
2-2: SINGLE (Groundball, 4D, EV 95.0 MPH)
Eric Baker to third
Batting: RHB Rick Acevedo 0-0: Called Strike
0-1: Called Strike
0-2: Ball
1-2: Foul Ball, location: 2F
1-2: Fielders Choice at 2nd, 6-4 (Groundball, 6, EV 86.2 MPH)
Bottom of the 1st over - 0 runs, 2 hits, 0 errors, 2 left on base; Coastal Carolina University 1 - University of Southern California 0
TOP OF THE 2ND
Coastal Carolina University Chanticleers batting - Pitching for University of Southern California Trojans : RHP Ville Nyman
Batting: RHB Chris McDaniel 0-0: Ball
1-0: SINGLE (Flyball, 34D, EV 95.0 MPH)
Batting: LHB Justin Sanders 0-0: Called Strike
0-1: Swinging Strike
0-2: Strikes out swinging
Batting: RHB Mike Grogan 0-0: Ball
1-0: Ball
2-0: Ball
3-0: Foul Ball, location: 2F
3-1: Foul Ball, location: 2F
3-2: Strikes out swinging
Batting: SHB Iher Waithaka 0-0: Called Strike
0-1: Ball
1-1: Ground out 4-3 (Groundball, 34, EV 91.9 MPH)
Top of the 2nd over - 0 runs, 1 hit, 0 errors, 1 left on base; Coastal Carolina University 1 - University of Southern California 0
BOTTOM OF THE 2ND
University of Southern California Trojans batting - Pitching for Coastal Carolina University Chanticleers : RHP Oscar Fajardo
Batting: RHB Jim Baltazar 0-0: Foul Ball, location: 2F
0-1: Foul Ball, location: 2F
0-2: Ball
1-2: Ball
2-2: Fly out, F9 (Flyball, 9D, EV 88.8 MPH)
Batting: RHB John Sandberg 0-0: Ball
1-0: Fly out, F9 (Flyball, 9S, EV 81.2 MPH)
Batting: LHB Roger Kean 0-0: Called Strike
0-1: Ball
1-1: Swinging Strike
1-2: Strikes out swinging
Bottom of the 2nd over - 0 runs, 0 hits, 0 errors, 0 left on base; Coastal Carolina University 1 - University of Southern California 0
TOP OF THE 3RD
Coastal Carolina University Chanticleers batting - Pitching for University of Southern California Trojans : RHP Ville Nyman
Batting: RHB Tristan Williams 0-0: Foul Ball, location: 2F
0-1: Ball
1-1: Foul Ball, location: 2F
1-2: Strikes out swinging
Batting: RHB Tatsunori Ishigaki 0-0: Called Strike
0-1: Ball
1-1: Foul Ball, location: 2F
1-2: Ball
2-2: Ground out 6-3 (Groundball, 4MD, EV 103.1 MPH)
Batting: RHB Fernando Tovar 0-0: Foul Ball, location: 2F
0-1: Fly out, F9 (Flyball, 89S, EV 88.8 MPH)
Top of the 3rd over - 0 runs, 0 hits, 0 errors, 0 left on base; Coastal Carolina University 1 - University of Southern California 0
BOTTOM OF THE 3RD
University of Southern California Trojans batting - Pitching for Coastal Carolina University Chanticleers : RHP Oscar Fajardo
Batting: RHB Jochen Schanz 0-0: Ball
1-0: SINGLE (Groundball, P, EV 88.8 MPH) (infield hit)
Batting: LHB Alonzo Catalan 0-0: Ball
1-0: Called Strike
1-1: Fielders Choice at 2nd, 2-6 (Groundball, 2R, EV 63.1 MPH)
Batting: RHB Liangde Zhou 0-0: Ball
1-0: Foul Ball, location: 2F
1-1: Ball
Alonzo Catalan steals 2nd base
2-1: Called Strike
2-2: SINGLE (Groundball, 56D, EV 95.0 MPH)
Alonzo Catalan to third
Runner from 3rd tries for Home, SAFE, throw by LF to home
Batting: RHB Eric Baker 0-0: Ball
1-0: Ball
2-0: Ball
3-0: Base on Balls
Liangde Zhou to second
Batting: LHB Eli Evenson 0-0: Ball
Liangde Zhou steals 3rd base
1-0: DOUBLE (Flyball, 9LM, EV 99.4 MPH)
Liangde Zhou scores
Eric Baker to third
Batting: RHB Rick Acevedo 0-0: Ball
1-0: Foul Ball, location: 2F
1-1: Ground out 5-3 (Groundball, 56S, EV 65.6 MPH)
Eric Baker scores
Eli Evenson to third
Batting: RHB Jim Baltazar 0-0: Ball
1-0: Foul Ball, location: 2F
1-1: Ball
2-1: Fly out, F9 (Flyball, 9LD, EV 100.6 MPH)
Bottom of the 3rd over - 3 runs, 3 hits, 0 errors, 1 left on base; Coastal Carolina University 1 - University of Southern California 3
TOP OF THE 4TH
Coastal Carolina University Chanticleers batting - Pitching for University of Southern California Trojans : RHP Ville Nyman
Batting: LHB Orlando Hurtado 0-0: Ball
1-0: Foul Ball, location: 2F
1-1: Swinging Strike
1-2: Ground out 4-3 (Groundball, 4, EV 96.2 MPH)
Batting: RHB Isaac Washington 0-0: Ball
1-0: Foul Ball, location: 2F
1-1: Fly out, F2 (Popup, 23F, EV 87.5 MPH)
Batting: RHB Chris McDaniel 0-0: Called Strike
0-1: Hit by Pitch
Batting: LHB Justin Sanders 0-0: Called Strike
0-1: Foul Ball, location: 2F
0-2: Ball
1-2: Strikes out swinging
Top of the 4th over - 0 runs, 0 hits, 0 errors, 1 left on base; Coastal Carolina University 1 - University of Southern California 3
BOTTOM OF THE 4TH
University of Southern California Trojans batting - Pitching for Coastal Carolina University Chanticleers : RHP Oscar Fajardo
Batting: RHB John Sandberg 0-0: SINGLE (Groundball, 56D, EV 107.5 MPH)
Batting: LHB Roger Kean 0-0: Swinging Strike
0-1: Swinging Strike
0-2: Foul Ball, location: 2F
0-2: Foul Ball, location: 2F
0-2: Ball
1-2: Foul Ball, location: 2F
1-2: Ball
2-2: Foul Ball, location: 2F
2-2: Strikes out swinging
Batting: RHB Jochen Schanz 0-0: Called Strike
0-1: Called Strike
John Sandberg is caught stealing 2nd base 2-4
0-2: Strikes out swinging
Bottom of the 4th over - 0 runs, 1 hit, 0 errors, 0 left on base; Coastal Carolina University 1 - University of Southern California 3
TOP OF THE 5TH
Coastal Carolina University Chanticleers batting - Pitching for University of Southern California Trojans : RHP Ville Nyman
Batting: RHB Mike Grogan 0-0: Ball
1-0: Ball
2-0: Called Strike
2-1: Ground out 6-3 (Groundball, 6, EV 82.5 MPH)
Batting: SHB Iher Waithaka 0-0: Foul Ball, location: 2F
0-1: Ball
1-1: Ball
2-1: Foul Ball, location: 2F
2-2: Foul Ball, location: 2F
2-2: Ball
3-2: Fly out, F7 (Line Drive, 78M, EV 104.4 MPH)
Batting: RHB Tristan Williams 0-0: Ball
1-0: Called Strike
1-1: Called Strike
1-2: Strikes out swinging
Top of the 5th over - 0 runs, 0 hits, 0 errors, 0 left on base; Coastal Carolina University 1 - University of Southern California 3
BOTTOM OF THE 5TH
University of Southern California Trojans batting - Pitching for Coastal Carolina University Chanticleers : RHP Oscar Fajardo
Batting: LHB Alonzo Catalan 0-0: Fly out, F7 (Flyball, 78S, EV 96.9 MPH)
Batting: RHB Liangde Zhou 0-0: Swinging Strike
0-1: Ball
1-1: Ground out 5-3 (Groundball, 56, EV 90.6 MPH)
Batting: RHB Eric Baker 0-0: Fly out, F9 (Flyball, 9, EV 92.5 MPH)
Bottom of the 5th over - 0 runs, 0 hits, 0 errors, 0 left on base; Coastal Carolina University 1 - University of Southern California 3
TOP OF THE 6TH
Coastal Carolina University Chanticleers batting - Pitching for University of Southern California Trojans : RHP Ville Nyman
Batting: RHB Tatsunori Ishigaki 0-0: Swinging Strike
0-1: Ball
1-1: Swinging Strike
1-2: Foul Ball, location: 2F
1-2: Foul Ball, location: 2F
1-2: Strikes out swinging
Batting: RHB Fernando Tovar 0-0: Ball
1-0: Swinging Strike
1-1: Ball
2-1: Ball
3-1: Base on Balls
Batting: LHB Orlando Hurtado 0-0: Foul Ball, location: 2F
0-1: Foul Ball, location: 2F
0-2: Foul Ball, location: 2F
0-2: Foul Ball, location: 2F
0-2: Strikes out swinging
Pitching: RHP Yacob Onyebuchi
Pinch Hitting: RHB Rene Napoles 0-0: Ball
1-0: Foul Ball, location: 2F
1-1: Swinging Strike
1-2: Strikes out swinging
Top of the 6th over - 0 runs, 0 hits, 0 errors, 1 left on base; Coastal Carolina University 1 - University of Southern California 3
BOTTOM OF THE 6TH
University of Southern California Trojans batting - Pitching for Coastal Carolina University Chanticleers : RHP Oscar Fajardo
Now at 2B: Tatsunori Ishigaki
Now at SS: Rene Napoles
Batting: LHB Eli Evenson 0-0: Ball
1-0: Fly out, F8 (Line Drive, 8RM, EV 92.5 MPH)
Batting: RHB Rick Acevedo 0-0: DOUBLE (Line Drive, 89M, EV 109.4 MPH)
Batting: RHB Jim Baltazar 0-0: Foul Ball, location: 2F
0-1: Ball
1-1: Ball
2-1: Fly out, F8 (Line Drive, 78M, EV 96.9 MPH)
Pitching: RHP Tony Jaggie
Batting: RHB John Sandberg 0-0: Ball
1-0: Ball
2-0: Called Strike
2-1: Ground out 6-3 (Groundball, 6M, EV 87.5 MPH)
Bottom of the 6th over - 0 runs, 1 hit, 0 errors, 1 left on base; Coastal Carolina University 1 - University of Southern California 3
TOP OF THE 7TH
Coastal Carolina University Chanticleers batting - Pitching for University of Southern California Trojans : RHP Yacob Onyebuchi
Batting: RHB Chris McDaniel 0-0: Ball
1-0: Called Strike
1-1: Ball
2-1: Swinging Strike
2-2: Ball
3-2: Strikes out swinging
Pitching: LHP Jaden Peay
Batting: LHB Justin Sanders 0-0: Ball
1-0: Ball
2-0: Ball
3-0: Called Strike
3-1: Foul Ball, location: 2F
3-2: Fly out, F3 (Popup, 23F, EV 90.6 MPH)
Batting: RHB Mike Grogan 0-0: Ball
1-0: Called Strike
1-1: Ball
2-1: Foul Ball, location: 2F
2-2: Foul Ball, location: 2F
2-2: Strikes out looking
Top of the 7th over - 0 runs, 0 hits, 0 errors, 0 left on base; Coastal Carolina University 1 - University of Southern California 3
BOTTOM OF THE 7TH
University of Southern California Trojans batting - Pitching for Coastal Carolina University Chanticleers : RHP Tony Jaggie
Batting: LHB Roger Kean 0-0: Ball
1-0: Ball
2-0: Foul Ball, location: 2F
2-1: Foul Ball, location: 2F
2-2: Ground out 5-3 (Groundball, 56S, EV 81.9 MPH)
Batting: RHB Jochen Schanz 0-0: Foul Ball, location: 2F
0-1: Ball
1-1: Foul Ball, location: 2F
1-2: Ball
2-2: Ball
3-2: Ground out 6-3 (Groundball, 6, EV 109.4 MPH)
Batting: LHB Alonzo Catalan 0-0: Called Strike
0-1: Foul Ball, location: 2F
0-2: Ball
1-2: Ball
2-2: Ball
3-2: Foul Ball, location: 2F
3-2: Ground out 3-1 (Groundball, 34S, EV 91.9 MPH)
Bottom of the 7th over - 0 runs, 0 hits, 0 errors, 0 left on base; Coastal Carolina University 1 - University of Southern California 3
TOP OF THE 8TH
Coastal Carolina University Chanticleers batting - Pitching for University of Southern California Trojans : LHP Jaden Peay
Pitching: RHP Lorenzo Garcia
Batting: SHB Iher Waithaka 0-0: Called Strike
0-1: Ball
1-1: Foul Ball, location: 2F
1-2: Foul Ball, location: 2F
1-2: Strikes out looking
Batting: RHB Tristan Williams 0-0: Ball
1-0: Ball
2-0: Called Strike
2-1: Ball
3-1: Swinging Strike
3-2: Strikes out swinging
Batting: RHB Tatsunori Ishigaki 0-0: Ball
1-0: Ball
2-0: Called Strike
2-1: Ball
3-1: Foul Ball, location: 2F
3-2: Foul Ball, location: 2F
3-2: Foul Ball, location: 2F
3-2: Base on Balls
Batting: RHB Fernando Tovar 0-0: Called Strike
0-1: Fly out, F7 (Flyball, 7LS, EV 85.6 MPH)
Top of the 8th over - 0 runs, 0 hits, 0 errors, 1 left on base; Coastal Carolina University 1 - University of Southern California 3
BOTTOM OF THE 8TH
University of Southern California Trojans batting - Pitching for Coastal Carolina University Chanticleers : RHP Tony Jaggie
Pitching: LHP Rich Holliday
Batting: RHB Liangde Zhou 0-0: Foul Ball, location: 2F
0-1: Ball
1-1: Ball
2-1: Fly out, F9 (Flyball, 89M, EV 97.5 MPH)
Batting: RHB Eric Baker 0-0: Hit by Pitch
Batting: LHB Eli Evenson 0-0: Called Strike
0-1: Ball
1-1: Ball
2-1: Ball
3-1: Fly out, F6 (Popup, 6MD, EV 68.8 MPH)
Batting: RHB Rick Acevedo 0-0: Ball
1-0: Ball
Wild Pitch!
Eric Baker to second
2-0: DOUBLE (Flyball, 89XD, EV 107.5 MPH)
Eric Baker scores
Batting: RHB Jim Baltazar 0-0: Ball
1-0: Swinging Strike
1-1: Ball
2-1: Called Strike
2-2: Ball
3-2: Strikes out swinging
Bottom of the 8th over - 1 run, 1 hit, 0 errors, 1 left on base; Coastal Carolina University 1 - University of Southern California 4
TOP OF THE 9TH
Coastal Carolina University Chanticleers batting - Pitching for University of Southern California Trojans : RHP Lorenzo Garcia
Pitching: RHP Aaron Haver
Pinch Hitting: LHB Nate Kokx 0-0: Called Strike
0-1: Swinging Strike
0-2: Ball
1-2: Strikes out swinging
Batting: RHB Rene Napoles 0-0: Foul Ball, location: 2F
0-1: Foul Ball, location: 2F
0-2: Ball
1-2: Ball
2-2: Ball
3-2: Ground out 5-3 (Groundball, 5L, EV 83.8 MPH)
Batting: RHB Chris McDaniel 0-0: Ball
1-0: Reached via error on a dropped throw from SS, E3 (Groundball, 6M, EV 108.1 MPH)
Batting: LHB Justin Sanders 0-0: Called Strike
0-1: Called Strike
0-2: Strikes out swinging
Top of the 9th over - 0 runs, 0 hits, 1 error, 1 left on base; Coastal Carolina University 1 - University of Southern California 4
Thursday, December 15th , 2022 - OOTP Baseball 23.9 Build 102